 Dungeon Crawl Stone Soup version 0.18-a0-1523-gbe15c29 (webtiles) character file.

196 Gorice the Slasher (level 5, -2/38 HPs)
             Began as a Demonspawn Gladiator on Mar 7, 2016.
             Slain by Uhlv's ghost (12 damage)
             ... on level 4 of the Dungeon.
             The game lasted 00:08:20 (2849 turns).

Gorice the Slasher (Demonspawn Gladiator)           Turns: 2849, Time: 00:08:21

Health: -2/38      AC:  7    Str: 16    XL:     5   Next: 46%
Magic:  5/5        EV: 11    Int: 10    God:
Gold:   169        SH:  0    Dex: 13    Spells: 0 memorised, 4 levels left

rFire  . . .     SeeInvis .     a - +0 long sword
rCold  . . .     Gourm    .     i - +1 ring mail
rNeg   . . .     Faith    .     (no shield)
rPois  .         Spirit   .     (helmet restricted)
rElec  .         Dismiss  .     d - +0 cloak
rCorr  .         Reflect  .     (no gloves)
SustAt .         Harm     .     (no boots)
MR     .....                    (no amulet)
Stlth  +.........               (no ring)
                                (no ring)

@: not resistant to hostile enchantments, very unstealthy
A: horns 1, demonic guardian 1, powered by death 1
a: no special abilities


You were on level 4 of the Dungeon.
You were hungry.

You visited 1 branch of the dungeon, and saw 4 of its levels.

You collected 169 gold pieces.

Inventory:

Hand Weapons
 a - a +0 long sword (weapon)
 c - a +1 whip of electrocution
   (You took it off a kobold on level 3 of the Dungeon)
Missiles
 Y - 3 throwing nets (quivered)
 Z - 16 stones
Armour
 d - a +0 cloak (worn)
 i - a +1 ring mail (worn)
Wands
 j - a wand of confusion (34/48)
Scrolls
 q - 2 scrolls of teleportation {!r}
 r - 3 scrolls of remove curse
Potions
 e - a potion of brilliance {unknown}
 l - a potion of cancellation {unknown}
 m - a potion of haste {unknown}
 n - a potion of degeneration {unknown}
 o - a potion of curing {unknown}
 p - a potion of heal wounds {unknown}
Comestibles
 b - 11 chunks of flesh
 f - 3 bread rations {!e}
 g - 2 fruits
 h - 2 meat rations {!e}


   Skills:
 - Level 2.0 Fighting
 * Level 5.0 Long Blades
 - Level 2.0 Throwing
 + Level 2.1 Armour
 - Level 2.6 Dodging


You had 4 spell levels left.
You didn't know any spells.

Dungeon Overview and Level Annotations

Branches:
Dungeon (4/15)
 Temple: D:4-7

Altars:
Kikubaaqudgha

Annotations:
D:4 Uhlv's ghost, amateur HOFi


Innate Abilities, Weirdness & Mutations

You have a pair of small horns on your head.
A weak demonic guardian rushes to your aid.
You regenerate a little health from kills.


Message History

Uhlv's ghost barely misses you. Uhlv's ghost hits you!
Damage: 11 (max 11)
You are feeling hungry.
You slash Uhlv's ghost! You headbutt Uhlv's ghost.
Uhlv's ghost is severely damaged.
Uhlv's ghost barely misses you.
You barely miss Uhlv's ghost.
Uhlv's ghost is severely damaged.
Your white imp hits Uhlv's ghost but does no damage.
Uhlv's ghost barely misses you.
A jackal comes into view.
Unknown command.
You barely miss Uhlv's ghost.
You headbutt Uhlv's ghost, but do no damage.
Uhlv's ghost is severely damaged.
Your white imp gestures at Uhlv's ghost.
The puff of frost hits Uhlv's ghost.
Uhlv's ghost resists.
Uhlv's ghost closely misses your white imp.
You catch the helpless Uhlv's ghost momentarily off-guard.
You hit Uhlv's ghost but do no damage.
Uhlv's ghost is almost destroyed.
Your white imp closely misses Uhlv's ghost.
Uhlv's ghost hits you but does no damage.
You barely miss Uhlv's ghost. Your headbutt misses Uhlv's ghost.
Uhlv's ghost is almost destroyed.
Your white imp gestures at Uhlv's ghost.
The puff of frost hits Uhlv's ghost.
Uhlv's ghost resists.
Uhlv's ghost hits your white imp.
You barely miss Uhlv's ghost.
Uhlv's ghost is almost destroyed.
Uhlv's ghost hits you!
Your white imp barely misses Uhlv's ghost.
The jackal bites you.
A jackal comes into view.
Damage: 12 (max 12)
You hit Uhlv's ghost. You headbutt Uhlv's ghost.
Uhlv's ghost is almost destroyed.
The jackal bites you but does no damage.
Your white imp gestures at Uhlv's ghost.
The puff of frost hits Uhlv's ghost.
Uhlv's ghost resists.
Uhlv's ghost hits your white imp!
Your white imp dies!
The jackal barely misses you. Uhlv's ghost hits you.
* * * LOW HITPOINT WARNING * * *
Damage: 6 (max 12)
You hit Uhlv's ghost but do no damage.
Uhlv's ghost is almost destroyed.
The jackal bites you but does no damage.
Uhlv's ghost hits you!
You die...

#...##).## ##.##
#(.# ##).#####..##
#...
#..........###
##...
#............####
##...
#.......###....##
##.... #......##
#...... ......#
##......# #..####
.......###......##
#<## #
......(((W@h....##
##.#
.....(######.....#
#.## ..<..
##.h..###.# ....
#.....#..# ...
#.......## ..
##...###...## # ..
##...## ##...#####
##.. .....#
#.........
....####..#
#.........


You could see Uhlv's ghost and 2 jackals.

Vanquished Creatures
  An iguana (D:3)
  3 gnolls (D:3)
  3 adders
  An ooze (D:4)
  3 worms
  A dart slug (D:2)
  A giant gecko (D:4)
  7 orcs
  9 bats
  3 giant cockroaches
  5 goblins
  4 hobgoblins
  3 jackals (D:3)
  6 kobolds
  4 quokkas (D:3)
  7 giant newts
  3 rats
64 creatures vanquished.

Vanquished Creatures (collateral kills)
  An orc priest (D:4)
  3 orcs (D:4)
4 creatures vanquished.

Grand Total: 68 creatures vanquished

Notes
Turn   | Place    | Note
--------------------------------------------------------------
     0 | D:1      | Gorice the Demonspawn Gladiator began the quest for the Orb.
     0 | D:1      | Reached XP level 1. HP: 16/16 MP: 1/1
    93 | D:1      | Reached skill level 3 in Long Blades
   691 | D:1      | Gained mutation: You have a pair of small horns on your head. [demonic ancestry]
   691 | D:1      | Reached XP level 2. HP: 19/22 MP: 2/2
   952 | D:2      | Reached skill level 2 in Throwing
  1194 | D:2      | Reached XP level 3. HP: 27/27 MP: 3/3
  1872 | D:3      | Reached skill level 4 in Long Blades
  1896 | D:3      | Reached skill level 1 in Armour
  1896 | D:3      | Gained mutation: A weak demonic guardian rushes to your aid. [demonic ancestry]
  1896 | D:3      | Reached XP level 4. HP: 19/33 MP: 4/4
  2070 | D:3      | Found an ancient bone altar of Kikubaaqudgha.
  2422 | D:3      | HP: 4/33 [iguana (8)]
  2428 | D:3      | Gained mutation: You regenerate a little health from kills. [demonic ancestry]
  2428 | D:3      | Reached XP level 5. HP: 4/38 MP: 5/5
  2661 | D:4      | Reached skill level 2 in Armour
  2720 | D:4      | Reached skill level 5 in Long Blades
  2822 | D:4      | Noticed Uhlv's ghost (amateur HOFi)
  2848 | D:4      | HP: 10/38 [Uhlv's ghost (6)]
  2849 | D:4      | Slain by Uhlv's ghost

Vault maps used:
D:1:      saegor_arrival_simple_d, serial_bayou, serial_bayou_pond_a,
          serial_bayou_crossing, serial_bayou_pond_a, serial_bayou_pond_e,
          serial_bayou_shore_b, serial_bayou_shore_a
D:3:      kiku_gazebo_pond_becter
D:4:      first_bread

Skill      XL: |  1  2  3  4  5 |
---------------+----------------+-----
Long Blades    | 3 4 5 |  5.0
Throwing       | 2 |  2.0
Armour         | 1 2 |  2.1
Fighting       | |  2.0
Dodging        | |  2.6

Action                   |  1- 3 |  4- 6 || total
-------------------------+-------+-------++-------
Melee: Long sword        |   114 |   122 ||   236
Throw: Javelin           |     2 |     2 ||     4
       Throwing net      |     1 |     1 ||     2
       Tomahawk          |       |    12 ||    12
  Use: Scroll            |     5 |     1 ||     6
 Stab: Distracted        |       |     1 ||     1
  Eat: Chunk             |     3 |     3 ||     6

Table legend:
 A = Turns spent in this place as a percentage of turns spent in the entire game.
 B = Non-inter-level travel turns spent in this place as a percentage of non-inter-level travel turns spent in the entire game.
 C = Inter-level travel turns spent in this place as a percentage of turns spent in this place.
 D = Turns resting spent in this place as a percentage of non-inter-level travel turns spent in this place.
 E = Turns spent auto-exploring this place as a percentage of non-inter-level travel turns spent in this place.
 F = Non-inter-level travel turns spent in this place divided by the number of levels of this place that you've seen.
                   A       B       C       D       E      F
               +-------+-------+-------+-------+-------+----------------------
         Total | 100.0 | 100.0 |   0.5 |   1.4 |   7.8 | 209.0
       Dungeon | 100.0 | 100.0 |   0.5 |   1.4 |   7.8 | 209.0
               +-------+-------+-------+-------+-------+----------------------

Vault maps used:
D:1:      saegor_arrival_simple_d, serial_bayou, serial_bayou_pond_a,
          serial_bayou_crossing, serial_bayou_pond_a, serial_bayou_pond_e,
          serial_bayou_shore_b, serial_bayou_shore_a
D:3:      kiku_gazebo_pond_becter
D:4:      first_bread
